 Dungeon Crawl Stone Soup version 0.25.0-9-g26727b657a (webtiles) character file.

Game seed: 1387784048878700057

5565 Lekan the Magician (level 10, 0/82 HPs)
             Began as a Troll Wizard on June 20, 2020.
             Was a Priest of Hepliaklqana.
             Slain by a wyvern (16 damage)
             ... on level 9 of the Dungeon on June 21, 2020.
             The game lasted 01:29:12 (11013 turns).

Lekan the Magician (Troll Wizard)                  Turns: 11013, Time: 01:29:13

Health: 0/82       AC: 10    Str: 21 (23) XL:     10   Next: 44%
Magic:  0/18       EV: 12    Int: 14 (17) God:    Hepliaklqana [***...]
Gold:   244        SH:  0    Dex: 14 (16) Spells: 11/21 levels left

rFire    . . .     SeeInvis .   w - +6 flail (vorpal)
rCold    . . .     Gourm    +   (no shield)
rNeg     . . .     Faith    .   a - +0 robe
rPois    .         Spirit   +   u - +2 hat
rElec    .         Reflect  .   (no cloak)
rCorr    .         Harm     .   (gloves unavailable)
MR       .....                  (boots unavailable)
Stlth    ++........             h - amulet of guardian spirit
HPRegen  0.63/turn              f - +6 ring of dexterity
MPRegen  0.16/turn              D - +6 ring of strength

@: very slightly contaminated
A: large, unfitting armour, reduced essence, claws 3, horns 1, thin metallic
scales 1, agile 1, fast metabolism 3, gourmand, regeneration 1, shaggy fur 1,
tough skin 3, wild magic 1
a: Recall Ancestor, Ancestor Identity, Transference, Renounce Religion


You were on level 9 of the Dungeon.
You worshipped Hepliaklqana.
Hepliaklqana was most pleased with you.
You were very full.

You visited 2 branches of the dungeon, and saw 10 of its levels.

You collected 524 gold pieces.
You spent 280 gold pieces at shops.

Inventory:

Hand Weapons
 w - a +6 vorpal flail (weapon)
 A - a +3 battleaxe
Missiles
 l - 6 boomerangs (quivered)
Armour
 a - a +0 robe (worn)
 b - a +0 hat
 u - a +2 hat (worn)
Jewellery
 f - a +6 ring of dexterity (left claw)
 h - an amulet of guardian spirit (around neck)
 r - an uncursed ring of teleportation
 x - an uncursed ring of magical power
 D - a +6 ring of strength (right claw)
 E - an uncursed ring of stealth
Wands
 z - a wand of paralysis (11)
 B - a wand of polymorph (12)
 I - a wand of clouds (2)
 K - a wand of random effects (13)
Scrolls
 e - 3 scrolls of fear
 i - 3 scrolls of teleportation
 j - 2 scrolls of identify
 n - 3 scrolls of remove curse
 o - 3 scrolls of amnesia
 q - 2 scrolls of immolation
 t - 2 scrolls of enchant weapon
 G - a scroll of enchant armour {unknown}
 J - a scroll of random uselessness {unknown}
Potions
 c - 5 potions of curing
 g - a potion of resistance
 k - 2 potions of heal wounds
 m - a potion of flight
 p - a potion of mutation
 s - a potion of brilliance
 v - a potion of berserk rage
Miscellaneous
 F - a lightning rod (4/4)
 L - a box of beasts
Comestibles
 d - 25 rations


   Skills:
 * Level 3.7 Fighting
 + Level 5.8 Maces & Flails
 + Level 1.6 Throwing
 * Level 4.8 Dodging
 + Level 2.0 Stealth
 + Level 2.0 Unarmed Combat
 * Level 6.0 Spellcasting
 * Level 4.1 Conjurations
 + Level 0.3 Hexes
 * Level 3.3 Summonings
   Level 0.6 Translocations
 + Level 0.1 Fire Magic
 + Level 0.1 Invocations


You had 11 spell levels left.
You knew the following spells:

 Your Spells              Type           Power        Failure   Level  Hunger
a - Magic Dart            Conj           ###.         4%          1    None
b - Call Imp              Summ           ###.....     10%         2    #......
c - Corona                Hex            #......      21%         1    None
d - Conjure Flame         Conj/Fire      ##......     26%         3    ###....
e - Summon Guardian Gole  Hex/Summ       ##......     30%         3    ###....

Your spell library contained the following spells:

 Spells                   Type           Power        Failure   Level  Hunger
 Summon Small Mammal      Summ           ###.         7%          1    None
 Apportation              Tloc           #.....       17%         1    None
 Call Canine Familiar     Summ           ###.....     17%         3    ###....
 Animate Skeleton         Necr           N/A          22%         1    None
 Blink                    Tloc           N/A          26%         2    #......
 Slow                     Hex            #.......     30%         2    #......
 Mephitic Cloud           Conj/Pois/Air  ##......     34%         3    ###....
 Summon Ice Beast         Ice/Summ       ##......     69%         4    ####...
 Summon Lightning Spire   Summ/Air       ##......     69%         4    ####...


Dungeon Overview and Level Annotations

Branches:
Dungeon (9/15)             Temple (1/1) D:4
   Lair: D:8-11         Orc: D:9-12

Altars:
Ashenzari
Cheibriados
Dithmenos
Elyvilon
Fedhas
Gozag
Hepliaklqana
Kikubaaqudgha
Makhleb
Nemelex Xobeh
Okawaru
Qazlal
Ru
Sif Muna
Trog
Uskayaw
Vehumet
Wu Jian
Xom
Yredelemnul
Zin
The Shining One

Shops:
D:5 *   D:7 !   D:9 }

Annotations:
D:9 2 transporters


Innate Abilities, Weirdness & Mutations

You are too large for most types of armour.
You have claws for hands.
Your metabolism is lightning-fast.
You like to eat raw meat.
Your natural rate of healing is unusually fast.
You are covered in fur. (AC +1)
You have extremely tough skin. (AC +3)
Your life essence is reduced to manifest your ancestor. (-10% HP)
You have a pair of small horns on your head.
You are partially covered in thin metallic scales. (AC +2)
You are agile. (Dex +2)
Your spells are a little harder to cast, but a little more powerful.


Message History

You are very lightly contaminated with residual magic.
As you read the scroll of blinking, it crumbles to dust.
Casting: Summon Guardian Golem (dangerous; 26% risk of failure)
Confirm with . or Enter, or press ? or * to list all spells.
You don't have enough magic to cast that spell.
It was a potion of degeneration.
There was something very wrong with that liquid.
You feel weakened.
You feel dopey.
You feel clumsy.
Okay, then.
Throwing (i - inventory)
l - 6 boomerangs (quivered)
Press: ? - help, Shift-Dir - straight line, f - very large slime creature
Aim: a very large slime creature (lightly wounded)
You throw a boomerang.
The boomerang hits the very large slime creature!
The very large slime creature is lightly wounded.
The wyvern bites you!
* * * LOW HITPOINT WARNING * * *
As you read the scroll of fog, it crumbles to dust.
The scroll dissolves into smoke.
The wyvern bites you!!
You die...

.............[.............<.
##........................
########..############..........
..........############..........
.......).......<.......[........
.................................
≈....#######.....................
≈....#####.....§§§...............
≈≈..........§§.§@§...............
≈...###....§.§.l§§#######........
J...# #.....§§J..§# #........
.^.# #...........#######........
.§J####.........................#
§R§ho..........................##
...Yl########.................##.
.....# #.############....#..
.....# #.# #....##.


You could see a very large slime creature and a wyvern.

Vanquished Creatures
  A hornet (D:8)
  A slime creature (D:9)
  Sigmund (D:2)
  A hungry ghost (D:7)
  2 orc warriors (D:7)
  An ice beast (D:9)
  2 necrophages (D:8)
  2 phantoms (D:7)
  2 ogres
  A wolf (D:9)
  4 centaurs
  A big kobold (D:8)
  A bullfrog (D:9)
  A water moccasin zombie (D:5)
  A scorpion (D:7)
  3 wights (D:6)
  2 howler monkeys (D:7)
  3 crimson imps
  4 orc priests
  2 hounds
  5 orc wizards
  2 iguanas
  6 worker ants
  2 hound skeletons (D:8)
  2 howler monkey zombies
  A worker ant zombie (D:9)
  9 adders
  A gnoll (D:1)
  A white imp (D:9)
  An ufetubus (D:9)
  2 oozes
  An adder zombie (D:9)
  2 adder skeletons (D:6)
  3 worms
  An adder simulacrum (D:9)
  2 dart slugs
  A leopard gecko (D:6)
  18 orcs
  9 giant cockroaches
  5 goblins
  7 hobgoblins
  5 jackals
  2 quokkas (D:8)
  A ball python (D:7)
  4 bats
  3 frilled lizards
  A jackal skeleton (D:7)
  9 kobolds
  A quokka skeleton (D:7)
  12 rats
155 creatures vanquished.

Vanquished Creatures (collateral kills)
  A two-headed ogre (D:8)
  A hornet (D:8)
  A troll (D:9)
  A yak (D:9)
  Edmund (D:4)
  A soldier ant (D:8)
  3 ice beasts
  3 ogres
  2 centaurs (D:5)
  A bullfrog (D:7)
  A scorpion (D:4)
  A wight (D:6)
  A howler monkey (D:7)
  2 hounds
  2 bullfrog skeletons
  3 orc priests
  An orc wizard (D:4)
  2 iguanas (D:4)
  3 worker ants
  A hound skeleton (D:5)
  A worker ant zombie (D:7)
  Robin (D:2)
  3 adders
  A white imp (D:9)
  An adder skeleton (D:9)
  An adder zombie (D:9)
  A worm (D:5)
  3 leopard geckos
  13 orcs
  7 goblins (D:2)
  8 hobgoblins
  6 jackals
  A quokka (D:5)
  2 frilled lizards
  2 kobolds
  A rat (D:3)
84 creatures vanquished.

Vanquished Creatures (others)
  5 dream sheep (D:5)
  A knight (D:8)
  5 ancestors
  A quokka (D:8)
12 creatures vanquished.

Grand Total: 251 creatures vanquished

Notes
Turn   | Place    | Note
-------+----------+-------------------------------------------
     0 | D:1      | Lekan the Troll Wizard began the quest for the Orb.
     0 | D:1      | Reached XP level 1. HP: 16/16 MP: 2/2
     0 | D:1      | Noticed a vampire
     2 | D:1      | Noticed an octopode
     3 | D:1      | Noticed a centaur
     6 | D:1      | Noticed a dwarf
     7 | D:1      | Noticed a draconian
     8 | D:1      | Noticed a gargoyle
     9 | D:1      | Noticed a human
    14 | D:1      | Noticed a human
    14 | D:1      | Noticed a felid
    16 | D:1      | Noticed a naga
    18 | D:1      | Noticed a gargoyle
    22 | D:1      | Noticed a minotaur
   243 | D:1      | Reached XP level 2. HP: 24/24 MP: 0/4
  1024 | D:1      | Reached skill level 1 in Conjurations
  1024 | D:1      | Reached XP level 3. HP: 18/31 MP: 0/5
  1438 | D:2      | Found a stormy altar of Qazlal.
  1438 | D:2      | Noticed an air elemental
  1445 | D:2      | Noticed a water elemental
  1446 | D:2      | Noticed an earth elemental
  1446 | D:2      | Noticed a fire elemental
  1509 | D:2      | Reached skill level 1 in Unarmed Combat
  1958 | D:2      | Learned a level 2 spell: Call Imp
  2117 | D:2      | Reached XP level 4. HP: 39/39 MP: 0/6
  2191 | D:2      | Noticed Sigmund
  2331 | D:2      | Killed Sigmund
  2331 | D:2      | Reached skill level 3 in Spellcasting
  2331 | D:2      | Reached skill level 1 in Summonings
  2331 | D:2      | Reached XP level 5. HP: 27/45 MP: 0/8
  2435 | D:2      | Found a glowing silver altar of Zin.
  2435 | D:2      | Noticed an angel
  2435 | D:2      | Noticed Robin
  2469 | D:2      | Killed Robin
  3143 | D:3      | Found a shadowy altar of Dithmenos.
  3957 | D:3      | Reached XP level 6. HP: 53/53 MP: 3/9
  4076 | D:3      | Found a hazy altar of Hepliaklqana.
  4275 | D:3      | Became a worshipper of Hepliaklqana the Forgotten
  4889 | D:4      | Noticed Edmund
  4906 | D:4      | Killed Edmund
  5315 | D:4      | Reached XP level 7. HP: 53/53 MP: 2/11
  5431 | D:4      | Found a staircase to the Ecumenical Temple.
  5439 | Temple   | Entered the Ecumenical Temple
  5718 | D:4      | Reached skill level 4 in Spellcasting
  5854 | D:4      | Reached * piety under Hepliaklqana
  6199 | D:5      | Entered Level 5 of the Dungeon
  6404 | D:5      | Learned a level 1 spell: Corona
  6769 | D:5      | Reached skill level 1 in Fighting
  7109 | D:5      | Found an opulent altar of Gozag.
  7110 | D:5      | Found Gozag's Platinum Reserve.
  7179 | D:5      | Reached skill level 1 in Maces & Flails
  7240 | D:5      | Noticed a dream sheep
  7240 | D:5      | Noticed a dream sheep
  7240 | D:5      | Noticed a dream sheep
  7240 | D:5      | Noticed a dream sheep
  7240 | D:5      | Noticed a dream sheep
  7240 | D:5      | Found a shimmering altar of Xom.
  7244 | D:5      | Killed a dream sheep
  7244 | D:5      | Killed a dream sheep
  7244 | D:5      | Reached XP level 8. HP: 63/63 MP: 13/13
  7244 | D:5      | Killed a dream sheep
  7244 | D:5      | Killed a dream sheep
  7246 | D:5      | Killed a dream sheep
  7566 | D:5      | Gained mutation: You have a pair of small horns on your
                  | head. [potion of mutation]
  7566 | D:5      | Gained mutation: You are agile. (Dex +2) [potion of
                  | mutation]
  7566 | D:5      | Gained mutation: Your spells are a little harder to cast,
                  | but a little more powerful. [potion of mutation]
  7566 | D:5      | Gained mutation: You are partially covered in thin metallic
                  | scales. (AC +2) [potion of mutation]
  8113 | D:6      | Learned a level 3 spell: Conjure Flame
  8199 | D:6      | Reached skill level 5 in Spellcasting
  8269 | D:6      | Found a glowing golden altar of the Shining One.
  8271 | D:6      | Reached ** piety under Hepliaklqana
  8272 | D:6      | Remembered your ancestor Njabulo as a knight
  8719 | D:7      | Found Xusosoum's Distillery.
  8760 | D:7      | Reached skill level 1 in Throwing
  8823 | D:7      | Reached XP level 9. HP: 68/71 MP: 2/15
  9009 | D:7      | Found a sparkling altar of Nemelex Xobeh.
  9404 | D:7      | Reached *** piety under Hepliaklqana
  9450 | D:7      | Found a shattered altar of Ashenzari.
  9596 | D:8      | Noticed a two-headed ogre
  9607 | D:8      | Killed a two-headed ogre
  9607 | D:8      | Reached skill level 5 in Maces & Flails
  9785 | D:8      | Found a white marble altar of Elyvilon.
  9980 | D:8      | Reached XP level 10. HP: 81/81 MP: 17/17
 10350 | D:8      | Found a burning altar of Makhleb.
 10560 | D:9      | Learned a level 3 spell: Summon Guardian Golem
 10606 | D:9      | Found a hide-covered altar of Uskayaw.
 10606 | D:9      | Found a blossoming altar of Fedhas.
 10606 | D:9      | Noticed a flayed ghost
 10606 | D:9      | Noticed a cyan ugly thing
 10609 | D:9      | Noticed a cyclops
 10610 | D:9      | Found a transporter.
 10623 | D:9      | Found a transporter.
 10640 | D:9      | Found an iron altar of Okawaru.
 10833 | D:9      | Found Xoymin's Gadget Boutique.
 10842 | D:9      | Bought a box of beasts for 280 gold pieces
 11002 | D:9      | Reached skill level 6 in Spellcasting
 11013 | D:9      | Slain by a wyvern

Illustrated notes

Levels and vault maps discovered:
D:1:      shiori_arrival_whats_in_store_for_you, layout_loops_ring
D:2:      layout_basic, nicolae_qazlal_style_of_elements, zin_angel,
          minmay_goblin_kobold_house, uniq_sigmund, uniq_robin
D:3:      layout_rooms, old_standard_altar, first_ration, lemuel_statue_altar
D:4:      layout_basic, temple_green, nicolae_zen_rock_garden, uniq_edmund
D:5:      layout_cave_pods, nicolae_gozag_zags_fifth_avenue,
          kb_xom_exploding_sheep
D:6:      layout_basic, overflow_temple_1_default
D:7:      layout_basic, lemuel_doored_altar, marbit_many_paths, serial_shops,
          nicolae_shop_crystal
D:8:      layout_loops_ring, elyvilon_altar_4, hangedman_pestilent_swarm,
          makhleb_blood_cavern_becter
D:9:      layout_long_grid, okawaru_metal_pillars_1_2,
          gammafunk_temple_overflow_arena, serial_ice, serial_ice_l,
          serial_ice_e, serial_ice_c, serial_ice_d, serial_ice_f, serial_ice_m,
          serial_shops, shop
Temple:   jpeg_temple_clearing

Skill      XL: |  1  2  3  4  5  6  7  8  9 10 |
---------------+-------------------------------+-----
Conjurations   | 1 2 3 4 |  4.1
Unarmed Combat | 1 2 |  2.0
Spellcasting   | 3 4 5 6 |  6.0
Summonings     | 1 2 3 |  3.3
Dodging        | 2 3 4 |  4.8
Fighting       | 1 2 3 |  3.7
Maces & Flails | 1 3 5 |  5.8
Throwing       | 1 |  1.6
Stealth        | 2 |  2.0
Hexes          | |  0.3
Translocations | |  0.6
Fire Magic     | |  0.1
Invocations    | |  0.1

Action                   |  1- 3 |  4- 6 |  7- 9 | 10-12 || total
-------------------------+-------+-------+-------+-------++-------
Melee: Unarmed           |    62 |    37 |       |       ||    99
       Flail             |       |     7 |   192 |    71 ||   270
       Headbutt          |       |       |    33 |    20 ||    53
       Punch             |       |       |     1 |     1 ||     2
Throw: Boomerang         |     2 |     7 |    18 |     3 ||    30
 Cast: Magic Dart        |    76 |    40 |     9 |       ||   125
       Call Imp          |     2 |    72 |    53 |     2 ||   129
       Corona            |       |       |     7 |       ||     7
       Conjure Flame     |       |       |     3 |       ||     3
       Summon Guardian G |       |       |       |     5 ||     5
Invok: Ancestor Identity |       |     1 |     1 |       ||     2
       Recall Ancestor   |       |       |     1 |       ||     1
       Ancestor Life: Kn |       |       |     1 |       ||     1
       Transference      |       |       |       |     1 ||     1
  Use: Scroll            |       |     1 |    12 |     3 ||    16
       Potion            |       |       |     4 |     3 ||     7
 Stab: Sleeping          |       |       |     4 |     2 ||     6
       Distracted        |       |       |     3 |     1 ||     4
  Eat: Chunk             |    23 |    32 |    58 |     9 ||   122
Armor: Robe              |    26 |    37 |    90 |    44 ||   197
Dodge: Dodged            |    34 |    32 |   122 |    58 ||   246
